[Event "Charlotte Summer IM C 2022"]
[Site "Charlotte"]
[Date "2022.07.27"]
[Round "6.5"]
[White "Luo, Terry"]
[Black "Xie, Bryan"]
[Result "1-0"]
[ECO "D21"]
[WhiteElo "2204"]
[BlackElo "2191"]
[Annotator "TA"]
[PlyCount "85"]
[EventDate "2022.07.24"]
[EventType "tourn"]
[EventCountry "USA"]
[SourceTitle "playchess.com"]
[Source "ChessBase"]
[SourceQuality "1"]
[TimeControl "5400+30"]

1. d4 d5 2. c4 e6 3. Nf3 dxc4 4. Qa4+ Nd7 5. g3 c5 6. Bg2 {[%emt 0:00:00] [#] D21: Queen's Gambit Accepted: 3 Nf3 sidelines.} cxd4 $146 ({Predecessor:} 6... a6 7. Qxc4 b5 8. Qc2 Bb7 9. O-O Rc8 10. dxc5 Bxc5 11. Qd3 Ngf6 12. Nc3 b4 {1-0 (33) Horvath,J (2525)-Blatny,P (2510) Austria 1991}) 7. Nxd4 Bc5 8. Qxc4 {[%emt 0:00:00] White is slightly better.} Qb6 9. e3 Ngf6 10. O-O O-O 11. Nb3 Be7 $1 12. e4 Ne5 13. Qe2 Bd7 14. Nc3 {Inhibits Bb5.} Rac8 15. Be3 Qb4 16. Rfd1 Qc4 (16... Ba4 $14) 17. Qxc4 (17. Bd4 $1 $18 ) 17... Nxc4 $16 18. e5 $1 Nxe5 (18... Nd5 $16) 19. Bd4 $1 $18 Neg4 20. h3 e5 21. Bxa7 Nh6 22. g4 (22. Bxb7 Rc7 23. Na5 Bb4 $14) 22... g5 23. h4 (23. Bxb7 Rc7 $18) 23... Bxg4 24. hxg5 (24. f3 $6 gxh4 25. fxg4 Nhxg4 $16) 24... Bxd1 25. Rxd1 Bb4 (25... Nhg4 $142 26. gxf6 Nxf6) 26. gxf6 Bxc3 27. bxc3 Rxc3 28. Rd7 ({Don't take} 28. Bxb7 $6 Rc2 29. Rd2 Rxd2 30. Nxd2 Rd8 $18) (28. Bc5 $18 Rb8 29. Be4) 28... Ng4 $16 29. Rxb7 {[%emt 0:00:00] White is more active.} Rd8 $2 {[#]} (29... Nxf6 $16 30. Bb8 Ng4) 30. Rb8 $2 (30. Bd5 $1 $18 ) 30... Rxb8 $11 31. Bxb8 Rc2 32. a4 (32. f3 $5 Nxf6 33. Bxe5 $16) 32... Rb2 33. Bd5 {[%emt 0:00:00] And now a5 would win.} Nxf6 ({Black should play} 33... Rxf2 $14 34. Bb7 (34. Bxe5 $2 Rf5 $19) 34... Rb2) 34. Bc4 $18 Nd7 {[%emt 0:00:00] [#]} 35. Ba7 {[%emt 0:00:30] Strongly threatening a5.} Kf8 (35... Rc2 $16 36. Bb5 Rc3) 36. a5 Ke7 37. a6 {[%emt 0:00:00] Be3 is the strong threat.} Kd6 $2 {[%emt 0:00:30] [#]} (37... Ra2 38. Be3 f5) 38. Bb8+ $1 Kc6 39. a7 Nb6 40. Bxf7 Kb7 41. Na5+ (41. Nc5+ $142 Kc6 {[#]} 42. Na4 $1 Rb1+ 43. Kg2) 41... Ka8 42. Be8 Nd7 43. Bxd7 {[%emt 0:00:00] Weighted Error Value: White=0.24 (precise) /Black=0.55} 1-0

[Event "Charlotte Summer IM C 2022"]
[Site "Charlotte"]
[Date "2022.07.28"]
[Round "7.1"]
[White "Xie, Bryan"]
[Black "Huston, Gus"]
[Result "0-1"]
[ECO "D02"]
[WhiteElo "2191"]
[BlackElo "2282"]
[Annotator "TA"]
[PlyCount "92"]
[EventDate "2022.07.24"]
[EventType "tourn"]
[EventCountry "USA"]
[SourceTitle "playchess.com"]
[Source "ChessBase"]
[SourceQuality "1"]
[TimeControl "5400+30"]

1. d4 Nf6 2. Nf3 e6 3. Bf4 d5 4. e3 Bd6 5. Nbd2 c5 6. Bg3 O-O 7. c3 Nc6 8. Bd3 b6 9. e4 {[%emt 0:00:59] Hoping for e5. 9.Qe2 is the modern continuation. D02: 1 d4 d5 2 Nf3 sidelines, including 2...Nf6 3 g3 and 2...Nf6 3 Bf4.} dxe4 (9... Be7 $11) 10. Nxe4 $14 Be7 11. Nxf6+ {[%emt 0:04:47] White is better.} Bxf6 12. dxc5 bxc5 13. Be4 Qb6 {[%emt 0:00:00] [#]} 14. Qa4 $146 (14. Qc2 $14) ({Predecessor:} 14. Qb3 Bb7 15. O-O-O Na5 16. Qa4 Rfd8 17. Rhe1 Rac8 18. Bxb7 Nxb7 19. Nd2 c4 20. Nxc4 {½-½ (41) Paehtz,E (2487)-Warakomska,A (2233) Wroclaw 2018}) 14... Bb7 15. O-O Rfd8 16. Rfd1 a6 ({Black should try} 16... Ne7 $11) 17. Nd2 Na5 $1 (17... Qxb2 $2 18. Rab1 Qxc3 19. Rxb7 Rxd2 20. Rxd2 (20. Bxc6 Rd4 $17) 20... Qxd2 21. Rb1 $18) 18. Bxb7 Nxb7 19. Nc4 Qb5 $132 {[%emt 0:00:00][%mdl 2048] Black is not holding back} 20. Qb3 Na5 21. Qxb5 axb5 22. Nb6 Ra7 23. Rxd8+ (23. Kf1 $11 {remains equal.}) 23... Bxd8 $17 24. Nc8 Ra8 25. Nd6 {[%emt 0:00:18] [#]} Nb3 $1 26. Rd1 Rxa2 27. Nxb5 {[%emt 0:00:08][%cal Rd1d8] [#]} Bf6 28. Be5 Rxb2 29. Bxf6 gxf6 {[%emt 0:00:00][%mdl 4096] Endgame KRN-KRN} 30. g4 (30. Rd8+ $17 {was called for.} Kg7 31. h3) 30... Nd2 $19 {[%emt 0:00:00] aiming for ...Ne4.} 31. Nd6 {[%emt 0:03:00] [#] Inhibits Ne4.} Kf8 $1 32. c4 (32. Ra1 $17) 32... Ke7 33. Nb7 (33. Nc8+ $142 Kd7 34. Na7) 33... Rxb7 (33... Nxc4 34. Nxc5 Nd6 35. Ra1 $17) 34. Rxd2 {[%emt 0:00:05] KR-KR} Rb1+ ({And not} 34... Rb4 35. Rc2 $17) 35. Kg2 Rc1 36. Ra2 Rxc4 37. Ra7+ Kf8 38. Kg3 Rc3+ 39. Kf4 h5 40. f3 $2 (40. gxh5 {was worth a try.} Rh3 41. Kg4 Rxh2 42. f3) 40... h4 41. Rc7 $2 (41. Ra2) 41... Kg7 42. Rc8 c4 43. Rc5 Kg6 44. h3 Rc2 {[%emt 0:00:00] ( -> ...Re2)} 45. Rc8 Rh2 46. Rxc4 $2 (46. Ke3 $19) 46... Re2 {[%emt 0:00:00] Weighted Error Value: White=0.65/Black=0.26 (precise)} 0-1

[Event "Charlotte Summer IM C 2022"]
[Site "Charlotte"]
[Date "2022.07.28"]
[Round "7.2"]
[White "Adewumi, Tanitoluwa"]
[Black "Luo, Terry"]
[Result "0-1"]
[ECO "C54"]
[WhiteElo "2309"]
[BlackElo "2204"]
[Annotator "TA"]
[PlyCount "92"]
[EventDate "2022.07.24"]
[EventType "tourn"]
[EventCountry "USA"]
[SourceTitle "playchess.com"]
[Source "ChessBase"]
[SourceQuality "1"]
[TimeControl "5400+30"]

1. e4 e5 2. Nf3 Nc6 3. Bc4 Bc5 4. O-O Nf6 5. d3 d6 6. c3 a6 7. Re1 {[%emt 0:00:16] C54: Giuoco Piano: 4 c3 Nf6, main lines with 5 d4 and 5 d3.} Ba7 8. a4 O-O $1 {[%emt 0:01:58][%cal Ob7b5] 8...0-0 scores better than 8...h6.} 9. h3 {[%emt 0:00:07] White has an edge.} h6 10. b4 Ne7 11. Nbd2 Ng6 12. Nf1 c6 13. Ng3 Re8 {[%emt 0:02:21][%cal Bf8e8,Be8e6,Be6d6,Bd6d7][%mdl 32] [#]} ({Don't do} 13... Qb6 14. d4 $14 (14. Be3 Qc7 $14)) 14. Ra2 $146 ({Predecessor:} 14. a5 d5 15. Bb3 Be6 16. Be3 Bxe3 17. Rxe3 Qd7 18. c4 Rad8 19. cxd5 cxd5 20. Ba4 {0-1 (62) Eggleston,D (2403)-Pulpan,J (2397) Olomouc 2019}) 14... Be6 (14... d5 {looks sharper.} 15. Bb3 Be6 16. Bd2 dxe4 17. dxe4 Qd3) 15. Bxe6 Rxe6 16. Be3 Bxe3 17. Rxe3 d5 18. Qb3 dxe4 19. dxe4 Rd6 20. Nf5 Rd7 21. c4 Qc7 22. c5 a5 23. Nd2 $1 b5 {[%emt 0:31:49] [#] Prevents Nc4.} 24. axb5 (24. cxb6 $1 $16 Qxb6 25. bxa5) 24... cxb5 $11 25. Nd6 Qc6 $1 26. Rg3 (26. Qc3 $11) 26... a4 $17 27. Qc3 (27. Qc2 $142) 27... Ne8 28. Nf5 Rad8 29. Kh2 Ne7 30. Nf3 Nxf5 (30... Qxe4 $2 31. Nxh6+ Kf8 32. Ng5 $18 (32. Nxe5 Nd5 $14)) 31. exf5 {[%emt 0:03:14] [#]} f6 32. Qe3 {[%emt 0:00:23] Against Qe4} Kh7 33. Qe2 Nc7 34. Rg6 $2 {[%emt 0:01:23] White does not recover from this.} (34. Rb2 $17) 34... Nd5 $19 {[%emt 0:00:36] aiming for ...Nc3.} 35. Rb2 Nf4 36. Qxe5 {[%emt 0:01:03] [#]} ({Not} 36. Nxe5 Qc7 37. Qe3 Nxg6 38. fxg6+ Kg8 $19) (36. Qc2 Qc7 37. Qe4) 36... Qxf3 $3 37. Qe1 (37. gxf3 fxe5) 37... Qd1 38. Qxd1 Rxd1 39. Rg4 Nd3 40. Rc2 Ne5 41. Re4 R1d4 42. Rxd4 Rxd4 43. c6 Rc4 44. Rxc4 Nxc4 {[%emt 0:04:30] Black mates.} 45. c7 Nb6 46. c8=Q Nxc8 {[%emt 0:00:00] Weighted Error Value: White=0.72/Black=0.13 (very precise)} 0-1

[Event "Charlotte Summer IM C 2022"]
[Site "Charlotte"]
[Date "2022.07.28"]
[Round "7.3"]
[White "Girones Barrios, Yans Richard"]
[Black "Rodrigue-Lemieux, Shawn"]
[Result "0-1"]
[ECO "E54"]
[WhiteElo "2412"]
[BlackElo "2366"]
[Annotator "TA"]
[PlyCount "58"]
[EventDate "2022.07.24"]
[EventType "tourn"]
[EventCountry "USA"]
[SourceTitle "playchess.com"]
[Source "ChessBase"]
[SourceQuality "1"]
[TimeControl "5400+30"]

1. d4 Nf6 2. c4 e6 3. Nf3 d5 4. Nc3 Bb4 5. e3 O-O 6. Bd3 c5 7. O-O cxd4 8. exd4 dxc4 9. Bxc4 b6 10. Qe2 Bb7 11. Bg5 Bxc3 {[%emt 0:08:57] E54: Nimzo-Indian: Rubinstein: Main Line: 7...dxc4 8 Bxc4.} 12. bxc3 Nc6 13. Rad1 {[%emt 0:06:22] [#]} Ne7 $146 {[%emt 0:00:48] White has an edge.} ({Predecessor:} 13... Rc8 14. d5 exd5 15. Bxd5 Qe8 16. Qxe8 Rfxe8 17. Bxf6 gxf6 18. Rfe1 Rxe1+ 19. Rxe1 Kf8 {0-1 (50) Kashlinskaya,A (2455)-Dzagnidze,N (2520) Antalya 2017}) 14. Ne5 Ne4 {[%emt 0:03:55] [#]} 15. Bh4 (15. d5 $1 $11 {remains equal.} Nxg5 16. dxe6) 15... Nxc3 $17 16. Qg4 {[%emt 0:00:28][%cal Oh4f6] Bf6! is the strong threat.} Qd6 (16... Nxd1 $6 17. Bf6 g6 18. Nxg6 Nxg6 19. Bxd8 $11) 17. Rd3 {[%emt 0:07:50] [#]} Ncd5 18. Rh3 (18. Bxd5 $17 Nxd5 19. Bg5 (19. Rg3 g6 $17)) 18... Nf5 $19 19. Bd3 f6 {[%emt 0:05:14] Against Bg5} 20. Nc4 Qf4 (20... Qc6 $19 21. Ne3 h5) 21. Qe2 $17 Nxh4 {[%emt 0:17:58] Black is more active. Pair of Knights!} 22. Bxh7+ $2 {[%emt 0:02:14][%mdl 8192] Now White is beyond hope.} Kxh7 $19 {[%emt 0:04:02] Black is clearly winning.} 23. g3 Nc3 ({Stronger than} 23... Qf5 24. Rxh4+ Kg8 25. Nd6 $17) 24. Qd3+ Qf5 ({Worse is} 24... Be4 25. Qxc3 Qf3 26. Qxf3 Bxf3 27. Rxh4+ Kg8 28. Ne3 $17) 25. Rxh4+ Kg8 26. Qxc3 g5 27. Rh5 Qf3 28. Qxf3 Bxf3 29. Rh3 Bg4 {[%emt 0:02:18] Weighted Error Value: White=0.74/Black=0.20 (precise)} 0-1

[Event "Charlotte Summer IM C 2022"]
[Site "Charlotte"]
[Date "2022.07.27"]
[Round "7.4"]
[White "Arjun, Vishnuvardhan"]
[Black "Venkat, Raghav"]
[Result "1/2-1/2"]
[WhiteElo "2273"]
[BlackElo "2227"]
[Annotator "TA"]
[PlyCount "33"]
[EventDate "2022.07.24"]
[EventType "tourn"]
[EventCountry "USA"]
[SourceTitle "playchess.com"]
[Source "ChessBase"]
[SourceQuality "1"]
[TimeControl "5400+30"]

1. d4 Nf6 2. Nf3 e6 3. e3 d5 4. b3 b6 5. Bb2 Bb7 {[%emt 0:00:03] The position is equal.} 6. Nbd2 {[%emt 0:00:09] E14: Queen's Indian: Classical Variation (4 e3).} Nbd7 7. Bd3 Bd6 8. O-O O-O {[%emt 0:00:02] [#] Not much happened in this game.  Weighted Error Value: White=0.08 (flawless) /Black=0.00 (flawless)} {Predecessor:} 9. c4 $146 Re8 10. cxd5 exd5 11. Qc2 Qe7 12. Rac1 Ne4 13. Rfe1 h5 14. Bb5 c6 15. Bf1 Rac8 16. Nxe4 dxe4 17. Nd2 {0-1 (44) Lysyj,I (2603)-Kollars,D (2622) Chess.com INT 2022} 1/2-1/2

[Event "Charlotte Summer IM C 2022"]
[Site "Charlotte"]
[Date "2022.07.28"]
[Round "8.1"]
[White "Huston, Gus"]
[Black "Wen, Tommy"]
[Result "1-0"]
[ECO "B52"]
[WhiteElo "2282"]
[BlackElo "2040"]
[Annotator "TA"]
[PlyCount "97"]
[EventDate "2022.07.24"]
[EventType "tourn"]
[EventCountry "USA"]
[SourceTitle "playchess.com"]
[Source "ChessBase"]
[SourceQuality "1"]
[TimeControl "5400+30"]

1. e4 c5 2. Nf3 d6 3. Bb5+ Bd7 4. Bxd7+ Qxd7 5. O-O Nc6 6. c3 d5 7. e5 {[%emt 0:00:36] B52: Sicilian: Moscow Variation with 3...Bd7.} e6 8. d4 Rc8 {[%emt 0:00:12] [#]} 9. Re1 $146 {[%emt 0:01:42] The position is equal.} ({Predecessor:} 9. Bf4 Nge7 10. Nbd2 Nf5 11. Nb3 cxd4 12. Nbxd4 Nfxd4 13. Nxd4 Bc5 14. Nb3 Bb6 15. Qg4 {½-½ (41) Balabayeva,K (2116)-Nguyen,P (2411) Belgrade 2021}) 9... cxd4 10. cxd4 Nge7 11. Nc3 Nf5 12. g4 Nfe7 13. Bf4 h5 14. h3 hxg4 15. hxg4 Ng6 16. Bg3 Bb4 17. Rc1 Na5 18. Qd3 a6 19. Kg2 Nc4 20. b3 Na3 21. Rf1 Rc6 22. Ne2 Ne7 (22... Rxc1 $11 {remains equal.} 23. Rxc1 Nb5) 23. Nf4 (23. Rh1 $142 Rg8 24. Qh7) 23... Rxc1 $16 24. Rxc1 g6 $2 (24... Nc6 $16) 25. Ng5 $2 (25. Bh4 $18) 25... Nb5 (25... Ba5 $14) 26. f3 {[%emt 0:07:16] White is more active.} (26. Qb1 $16) 26... Nc7 27. Qc2 (27. Qb1 $5 ) 27... Nc6 28. Bf2 Qe7 29. Nfh3 Kd8 30. Be3 Kc8 (30... Ba3 $5 ) 31. Qf2 Kb8 (31... Ba3 $5 32. Rh1 Kb8 $15) 32. Qg3 Nb5 33. Qf4 Bc3 $2 (33... Rf8 $1 $15 {stays ahead.}) 34. a4 ({Much worse is} 34. Nxf7 $6 Rf8 35. Nhg5 Bxd4 36. Bxd4 (36. Rxc6 Bxe3 37. Qxe3 bxc6 $11) 36... Ncxd4 $11) (34. Qxf7 $142 {aiming for a4.} Qxf7 35. Nxf7) 34... Nbxd4 35. Bxd4 {[%emt 0:01:01][%mdl 64] Remove Defender} ({But not} 35. Rxc3 Ne2 36. Qxf7 Nxc3 $11) 35... Bxd4 {[%emt 0:00:00] [#]} 36. Rxc6 $1 {[%emt 0:00:14][%mdl 64] Remove Defender} bxc6 37. Qxd4 {[%emt 0:00:02] And now Qb6+ would win.} c5 38. Qf4 Rc8 $2 (38... Rf8 $16) 39. Nf2 $2 (39. Nxf7 $18 {Black must now prevent Nd6.} Rf8 40. Nhg5) 39... c4 40. bxc4 Rxc4 41. Qf6 Qa7 (41... Qxf6 $2 42. exf6 Rc7 43. Nd3 $18) (41... Rc7 $11) 42. Nxf7 $18 Qe3 43. Qd8+ Ka7 44. Qd7+ Kb6 45. Qxe6+ Rc6 46. Nd6 (46. a5+ $142 Kc5 47. Qd7) 46... Kc5 (46... Qd4 $142 47. f4 Ka5 48. Qxg6 Qxf4) 47. Qe7 {[%emt 0:01:31] [#] White threatens Nf5+ and mate.} Kb4 48. Nf5+ Kxa4 49. Nxe3 {[%emt 0:00:00] Weighted Error Value: White=0.51/Black=0.75} 1-0

[Event "Charlotte Summer IM C 2022"]
[Site "Charlotte"]
[Date "2022.07.28"]
[Round "8.2"]
[White "Venkat, Raghav"]
[Black "Rodriguez Rivera, Pedro"]
[Result "1-0"]
[ECO "B51"]
[WhiteElo "2227"]
[BlackElo "2192"]
[Annotator "TA"]
[PlyCount "100"]
[EventDate "2022.07.24"]
[EventType "tourn"]
[EventCountry "USA"]
[SourceTitle "playchess.com"]
[Source "ChessBase"]
[SourceQuality "1"]
[TimeControl "5400+30"]

1. e4 c5 2. Nf3 d6 3. Bb5+ Nd7 4. c3 a6 5. Bd3 {[%emt 0:00:07] [#]} Ne5 $146 ({Predecessor:} 5... g6 6. Bc2 Bg7 7. d4 Qc7 8. O-O Ngf6 9. a4 O-O 10. h3 b6 11. Re1 e5 12. d5 {0-1 (50) Anton Guijarro,D (2642)-Mamedov,R (2703) St Petersburg 2018}) 6. Be2 {[%emt 0:01:42] B51: Sicilian: Moscow Variation (3 Bb5+) without 3...Bd7.} Nxf3+ 7. Bxf3 e5 8. O-O {[%emt 0:00:18] White is slightly better.} Nf6 9. d4 b5 10. a4 {[%emt 0:01:24] aiming for dxe5.} Bd7 11. dxe5 (11. axb5 {is interesting.} axb5 12. Rxa8 Qxa8 13. Bg5) 11... dxe5 12. axb5 axb5 13. Rxa8 Qxa8 14. Na3 c4 15. Nc2 Bc6 16. Re1 Bc5 17. Be3 Be7 18. Bg5 O-O 19. Ne3 Rd8 20. Qc1 Rd3 (20... Bxe4 $2 21. Nf5 Bxf3 22. Nxe7+ Kf8 23. Nf5 $18 (23. gxf3 Qxf3 24. Qe3 Qg4+ 25. Kf1 Rd3 $11)) 21. Bxf6 Bxf6 22. Nd5 Bxd5 23. exd5 h6 $2 (23... Qd8 $1 $14) 24. Be4 $18 Bg5 25. Qa1 Qd8 (25... Qxa1 $2 26. Rxa1 Kf8 27. Bxd3 cxd3 28. Kf1 $18) 26. Bxd3 cxd3 27. Rxe5 {[%emt 0:04:21][%mdl 4096] Endgame KQR-KQB} Qd6 28. Re8+ Kh7 29. Qb1 Qxd5 30. h4 Bf4 31. g3 Be5 {[%emt 0:00:00] [#]} 32. b3 $2 ({Better is} 32. Rxe5 $1 $18 Qxe5 33. Qxd3+ g6 34. b4) 32... g6 $2 {[%emt 0:00:00][%mdl 8192] [#]} (32... f6 $1 $11) 33. Rxe5 $1 Qxe5 34. Qxd3 {[%emt 0:00:03] KQ-KQ} b4 $2 (34... Kg7 35. b4 Qe1+ 36. Qf1 Qxc3) 35. cxb4 {[%emt 0:00:17] And now b5 would win.} Qe1+ 36. Kg2 Qxb4 37. Qc4 {[%emt 0:00:06] Inhibits Qg4.} Qb7+ 38. Kg1 Kg7 39. b4 Kf8 40. Qc5+ Ke8 41. b5 {[%emt 0:01:38] Black must now prevent h5.} Kd7 (41... h5 $142 42. Kf1 Kd7) 42. h5 Qf3 $2 (42... gxh5 43. Qxh5 Ke8 44. Qe5+ (44. Qxh6 Qxb5 45. Qf6 Kf8 $16) 44... Kd7 45. Qd4+ Kc7) 43. hxg6 fxg6 44. Qd4+ Ke6 45. b6 {[%emt 0:01:25] White threatens Qc4+ and mate.} Qb7 46. Qe3+ Kf7 47. Qf4+ Kg8 48. Qc7 {[%emt 0:01:23] White mates.} Qd5 49. b7 Qd1+ 50. Kg2 Qd5+ {[%emt 0:00:00] Weighted Error Value: White=0.19 (very precise) /Black=0.70} 1-0

[Event "Charlotte Summer IM C 2022"]
[Site "Charlotte"]
[Date "2022.07.28"]
[Round "8.3"]
[White "Rodrigue-Lemieux, Shawn"]
[Black "Arjun, Vishnuvardhan"]
[Result "1-0"]
[ECO "A16"]
[WhiteElo "2366"]
[BlackElo "2273"]
[Annotator "TA"]
[PlyCount "127"]
[EventDate "2022.07.24"]
[EventType "tourn"]
[EventCountry "USA"]
[SourceTitle "playchess.com"]
[Source "ChessBase"]
[SourceQuality "1"]
[TimeControl "5400+30"]

1. c4 g6 2. g3 Bg7 3. Bg2 Nf6 4. Nc3 O-O 5. e4 d6 6. Nge2 c6 7. O-O Nbd7 8. d3 a6 {[%emt 0:00:35] A16: English Opening: 1...Nf6 with ...d5.} 9. h3 b5 10. Be3 Rb8 {[%emt 0:01:46] White has an edge.} 11. b3 {[%emt 0:03:05] [#]} c5 $146 ({Predecessor:} 11... e5 12. Qd2 Nc5 13. Rae1 b4 14. Nd1 a5 15. f4 Qe7 16. Nf2 a4 17. d4 exf4 18. Bxf4 Ncxe4 19. Nxe4 Nxe4 20. Bxe4 Qxe4 21. Bxd6 Bxh3 {0-1 (34) Bosiocic,M (2561)-Jankovic,A (2563) Zagreb 2011}) 12. Qd2 e6 13. Rad1 Qa5 14. g4 Bb7 15. f4 Rfe8 16. Rf2 Qb4 17. Qc1 Qa5 18. Qd2 Qb4 $1 19. Qc2 Qa5 20. Rdf1 d5 21. e5 ({Reject} 21. cxd5 exd5 22. Bd2 d4 $11) 21... d4 22. Nxd4 Bxg2 23. Kxg2 {[%emt 0:04:27] And now Nc6 would win.} cxd4 24. Bxd4 Red8 25. exf6 Bxf6 26. Bxf6 Nxf6 27. Rf3 h5 28. f5 gxf5 ({Better is} 28... hxg4 $14 29. hxg4 exf5) 29. gxf5 $18 e5 30. Qd2 (30. Rg3+ $18 Kh8 31. Kh2) 30... Kh7 $16 31. Ne4 (31. Kh1 $16) 31... Qxd2+ $14 32. Nxd2 Rd4 {[%emt 0:00:11] [#]} 33. Re1 (33. Re3 $1 $16) 33... Rbd8 34. cxb5 (34. Ree3 {is more complex.} Kg7 35. a4 bxa4 36. bxa4 e4 37. Rg3+) 34... Rxd3 35. Rxd3 Rxd3 {[%emt 0:00:04][%mdl 4096] Endgame KRN-KRN} 36. Nf3 axb5 37. Rxe5 Nd5 $1 38. h4 Kg7 39. Kf2 Kf6 40. Re4 Nc3 41. Rb4 Rd5 42. a3 Rxf5 43. Rd4 Nb1 44. a4 bxa4 45. bxa4 Ra5 ({Black should try} 45... Rc5 $11) 46. Rc4 $1 Na3 47. Rf4+ Rf5 $2 {[%emt 0:00:00][%mdl 8192] White stays focused until the end.} (47... Ke7 $14) 48. Ke3 $18 {[%emt 0:01:42] Threatens to win with Rxf5+.} Nc2+ (48... Rxf4 $142 49. Kxf4 Nc4) 49. Ke4 Rxf4+ 50. Kxf4 {[%emt 0:00:02] KN-KN} Nb4 51. a5 Na6 52. Ke4 Nb4 53. Nd4 Ke7 54. Ke5 f6+ 55. Kf5 {[%emt 0:01:29] Kg6 is the strong threat.} Kd6 56. Kxf6 {[%emt 0:01:04] White wants to mate with Nf5+.} Kc5 57. Nf5 {[%emt 0:00:50] White mates.} Nc6 58. Ng7 Nxa5 59. Nxh5 Kd6 60. Ng7 Nc4 61. Nf5+ Kd5 62. h5 Ne5 63. Ne3+ Ke4 {[%emt 0:00:15] [#]} 64. h6 $1 {[%emt 0:00:44] Weighted Error Value: White=0.12 (very precise) /Black=0.49} 1-0

[Event "Charlotte Summer IM C 2022"]
[Site "Charlotte"]
[Date "2022.07.28"]
[Round "8.4"]
[White "Luo, Terry"]
[Black "Girones Barrios, Yans Richard"]
[Result "0-1"]
[ECO "E03"]
[WhiteElo "2204"]
[BlackElo "2412"]
[Annotator "TA"]
[PlyCount "74"]
[EventDate "2022.07.24"]
[EventType "tourn"]
[EventCountry "USA"]
[SourceTitle "playchess.com"]
[Source "ChessBase"]
[SourceQuality "1"]
[TimeControl "5400+30"]

1. d4 {[%emt 0:00:01] Chekhov,V} Nf6 2. c4 e6 3. g3 d5 4. Bg2 dxc4 5. Qa4+ Nbd7 6. Qxc4 c5 7. Nf3 a6 8. O-O b5 {[%emt 0:00:41] E03: Open Catalan: 5 Qa4+ Nbd7 6 Qxc4.} 9. Qb3 Bb7 10. a4 {[%emt 0:00:54] is the legacy move (10.Rd1).} c4 {[%emt 0:06:38] Black is slightly better.} 11. Qd1 b4 {[%emt 0:03:39] [#]} 12. Ne5 $146 ({Predecessor:} 12. Bg5 Be7 13. Nbd2 Rc8 14. Rc1 c3 15. bxc3 bxc3 16. Nb1 Qa5 17. Bxf6 Nxf6 18. Ne1 Bxg2 19. Nxg2 {½-½ (27) Golombek,H-Padevsky,N Moscow 1956 MCL [Chekhov,V]}) 12... Bxg2 13. Kxg2 Rc8 14. Nd2 Nxe5 15. dxe5 Nd7 {[%emt 0:05:26] Black is more active.} 16. Ne4 Nxe5 17. Bf4 ({White should play} 17. Qxd8+ $1 $15 Rxd8 18. Bf4) 17... Nc6 (17... Qd5 $17 18. f3 Nd7) 18. Qxd8+ $1 $15 Nxd8 19. Rac1 Nb7 20. Rfd1 f6 21. Nd6+ $2 {[%emt 0:03:11] [#] Now White is beyond hope.} (21. Be3 $15) 21... Bxd6 $1 $19 22. Bxd6 a5 23. e4 Rc6 24. e5 Nxd6 25. Rxd6 Rxd6 26. exd6 {[%emt 0:00:01][%mdl 4096] Endgame KR-KR} Kd7 27. Rxc4 {[%emt 0:00:09] [#]} Rc8 {[%emt 0:00:52] Against Rc7+} ({Stronger than} 27... Kxd6 28. Kf3 $17) 28. Rxc8 (28. Rg4 g5 29. h4) 28... Kxc8 {[%emt 0:00:10] KP-KP} 29. Kf3 Kd7 30. Ke4 Kxd6 31. Kd4 e5+ 32. Kc4 Kc6 33. g4 g6 34. h3 h6 35. h4 h5 {[%emt 0:00:30] Black mates.} 36. gxh5 gxh5 37. f3 f5 {[%emt 0:01:00] Weighted Error Value: White=0.91/Black=0.04 (flawless)} 0-1